 Dungeon Crawl Stone Soup version 0.26-a0-710-g95a0c6c400 (webtiles) character file.

Game seed: 7362295510950795848

7625 Gargoyl the Fighter (level 11, -3/89 HPs)
             Began as a Gnoll Abyssal Knight on Oct 30, 2020.
             Was a Priest of Lugonu.
             Slain by an orc warrior
             ... wielding a +0 glaive
              (16 damage)
             ... on level 10 of the Dungeon.
             The game lasted 00:15:41 (10149 turns).

Gargoyl the Fighter (Gnoll Abyssal Knight)         Turns: 10149, Time: 00:15:42

Health: -3/89      AC: 13    Str: 17    XL:     11   Next: 18%
Magic:  20/20      EV: 13    Int: 16    God:    Lugonu [***...]
Gold:   267        SH:  7    Dex: 14    Spells: 22/22 levels left

rFire    . . .     SeeInvis .   C - +1 broad axe
rCold    . . .     Faith    .   D - +2 buckler "Laril" {+Blink}
rNeg     . . .     Spirit   .   A - +0 chain mail
rPois    +         Reflect  .   (helmet restricted)
rElec    .         Harm     .   F - +0 cloak {rPois}
rCorr    .         Rampage  .   (no gloves)
MR       .....     Clarity  +   r - +1 pair of boots
Stlth    ..........             j - amulet of regeneration
HPRegen  0.64/turn              m - +4 ring of evasion
MPRegen  0.17/turn              (no ring)

@: heavily drained
A: distributed training, fangs 1, horns 1, clarity, strong nose
a: Depart the Abyss, Bend Space, Banish, Renounce Religion, Evoke Blink


You were on level 10 of the Dungeon.
You worshipped Lugonu.
Lugonu was most pleased with you.
You visited 2 branches of the dungeon, and saw 11 of its levels.
You visited the Abyss 2 times.

You collected 733 gold pieces.
You spent 466 gold pieces at shops.

Inventory:

Hand Weapons
 a - a +1 hand axe
 k - a +0 war axe
 C - a +1 broad axe (weapon)
Missiles
 x - 16 poisoned darts (quivered)
Armour
 r - a +1 pair of boots (worn)
 A - a +0 chain mail (worn)
 D - the +2 buckler "Laril" (worn) {+Blink}
   (You found it on level 8 of the Dungeon)

   It lets you blink.
 F - a +0 cloak of poison resistance (worn)
Jewellery
 j - an amulet of regeneration (around neck)
 m - a +4 ring of evasion (left hand)
 E - an uncursed amulet of the acrobat
 G - a +4 ring of protection {unknown}
Wands
 b - a wand of flame (8)
 u - a wand of paralysis (11)
 y - a wand of acid (15)
 B - a wand of disintegration (16)
Scrolls
 g - 5 scrolls of remove curse
 l - a scroll of fear
 v - 2 scrolls of identify
 H - 3 scrolls of magic mapping
 I - a scroll of blinking
 J - 2 scrolls of holy word {unknown}
Potions
 c - 2 potions of brilliance
 d - 2 potions of magic
 e - 4 potions of flight
 f - 2 potions of lignification
 h - a potion of ambrosia
 i - a potion of curing
 o - a potion of berserk rage
 p - 2 potions of haste {unknown}
 q - 2 potions of resistance {unknown}
 s - 2 potions of heal wounds {unknown}
 t - 2 potions of might {unknown}
 w - a potion of stabbing {unknown}
 z - 2 potions of degeneration {unknown}


   Skills:
 + Level 9.0(7.2) Fighting
 + Level 6.0(4.4) Short Blades
 + Level 6.0(4.4) Long Blades
 + Level 7.7(5.9) Axes
 + Level 6.0(4.4) Maces & Flails
 + Level 6.0(4.4) Polearms
 + Level 6.0(4.4) Staves
 + Level 6.0(4.4) Slings
 + Level 6.0(4.4) Bows
 + Level 6.0(4.4) Crossbows
 + Level 6.0(4.4) Throwing
 + Level 7.7(5.9) Armour
 + Level 6.6(4.9) Dodging
 + Level 6.0(4.4) Stealth
 + Level 6.0(4.4) Shields
 + Level 6.0(4.4) Unarmed Combat
 + Level 6.0(4.4) Spellcasting
 + Level 5.0(3.4) Conjurations
 + Level 5.0(3.4) Hexes
 + Level 5.0(3.4) Summonings
 + Level 5.0(3.4) Necromancy
 + Level 5.0(3.4) Translocations
 + Level 5.0(3.4) Transmutations
 + Level 5.0(3.4) Fire Magic
 + Level 5.0(3.4) Ice Magic
 + Level 5.0(3.4) Air Magic
 + Level 5.0(3.4) Earth Magic
 + Level 5.0(3.4) Poison Magic
 + Level 8.1(6.4) Invocations
 + Level 6.0(4.4) Evocations


You had 22 spell levels left.
You didn't know any spells.
Your spell library contained the following spells:

 Spells                   Type           Power        Failure   Level
 Animate Skeleton         Necr           ##....       45%         1
 Apportation              Tloc           ##....       45%         1
 Beastly Appendage        Tmut           ##....       45%         1
 Corona                   Hex            ##.....      45%         1
 Sandblast                Erth           ##....       45%         1
 Summon Small Mammal      Summ           ##..         45%         1
 Passwall                 Tmut/Erth      ##......     58%         2
 Wereblood                Tmut           ##......     58%         2
 Confusing Touch          Hex            ##......     83%         3
 Gell's Gravitas          Tloc           ##........   83%         3
 Spider Form              Tmut/Pois      ##........   83%         3
 Stone Arrow              Conj/Erth      ##....       83%         3
 Ice Form                 Ice/Tmut       ##......     99%         4
 Petrify                  Tmut/Erth      ##......     99%         4
 Blade Hands              Tmut           ##........   100%        5
 Lee's Rapid Deconstruct  Erth           ##........   100%        5
 Metabolic Englaciation   Hex/Ice        ##........   100%        5
 Yara's Violent Unravell  Hex/Tmut       ##........   100%        5


Dungeon Overview and Level Annotations

Branches:
Dungeon (10/15)            Temple (1/1) D:5            Lair (0/6) D:10
    Orc: D:9-12

Altars:
Cheibriados
Elyvilon
Gozag
Qazlal
Trog
Vehumet
Wu Jian
Xom
Zin

Shops:
D:9 =[=

Annotations:
D:7 2 transporters, Alfie's ghost, novice HOFi
D:10 Urug


Innate Abilities, Weirdness & Mutations

Your experience applies equally to all skills.
You have very sharp teeth.
Your uncanny sense of smell can sniff out nearby items.
You have a pair of small horns on your head.
You possess an exceptional clarity of mind.


Message History

You completely miss the orc warrior.
The orc warrior is heavily wounded.
You hit Urug. You block the orc warrior's attack.
Urug winks... or blinks.
Urug hits you with a +4 great sword!
Unknown command.
You barely miss the orc warrior.
The orc warrior is heavily wounded.
You miss Urug.
The orc warrior hits you with a +0 glaive!
* * * LOW HITPOINT WARNING * * *
Urug hits you with a +4 great sword!
* * * LOW HITPOINT WARNING * * *
You hit the orc warrior.
You headbutt the orc warrior, but do no damage.
You bite the orc warrior, but do no damage.
The orc warrior is heavily wounded.
You barely miss Urug.
The orc warrior hits you with a +0 glaive!
You die...

######.#.# #..# #..[...#
#.....#.# #..# ##.#.....
#.#####.# #..# ##.....#>#
#.# #.# #..######..#...#.#
#.# #.# #.........#...[...
#.# #.# #..####.#..#......
#.# #.# #..# #.##....##.#
##.# #.# #o.# #.###.#>##.#
##.#####.# #@.####.#
#.#.##.. ......)..#
#o...#############
##..>.)..#### #..###.....
#.. ########)...####(.##...#
## ###
#######..#...........##..##
#
#..........#####...8.'..?.+∆
# ##.#######.## ##....##..#
. # .......# .#
###.).####.... ##.###.# .#
##..(.....#


You could see Urug and an orc warrior.

Vanquished Creatures
  3 two-headed ogres
  Maggie (D:10)
  A komodo dragon (D:10)
  Prince Ribbit (D:5)
  Sigmund (D:3)
  4 yaks
  A water moccasin (D:6)
  Duvessa (D:4)
  An ice beast (D:6)
  4 orc warriors
  A necrophage (D:10)
  A black bear (D:7)
  2 phantoms
  An ogre (D:9)
  5 centaurs
  5 bullfrogs
  A big kobold (D:6)
  2 gnoll sergeants (D:9)
  Dowan (D:4)
  3 scorpions
  8 wights
  3 howler monkeys
  A centaur zombie (D:8)
  A jelly (D:9)
  A quasit (D:8)
  3 bullfrog zombies
  4 hounds
  5 orc priests
  An iron imp (Abyss:2)
  12 orc wizards
  9 worker ants
  2 iguanas
  2 hound skeletons
  14 adders
  13 gnolls
  A white imp (D:6)
  An ufetubus (D:5)
  An ooze (D:1)
  An adder skeleton (D:4)
  An adder zombie (D:9)
  2 worms (D:2)
  6 dart slugs
  6 leopard geckos
  22 orcs
  6 bats
  A giant cockroach (D:1)
  7 hobgoblins
  8 jackals
  11 kobolds
  5 quokkas
  A ball python (D:2)
  2 frilled lizards (D:1)
  15 goblins
  A leopard gecko zombie (D:5)
  14 rats
231 creatures vanquished.

Vanquished Creatures (others)
  2 orc wizards
  A worm (D:2)
  An orc (D:10)
  A kobold (D:2)
5 creatures vanquished.

Grand Total: 236 creatures vanquished

Notes
Turn   | Place    | Note
-------+----------+-------------------------------------------
     0 | Abyss:1  | Gargoyl the Gnoll Abyssal Knight began the quest for the
                  | Orb.
     0 | Abyss:1  | Reached XP level 1. HP: 23/23 MP: 3/3
    12 | Abyss:2  | Noticed a neqoxec
    15 | Abyss:2  | Gained mutation: You possess an exceptional clarity of
                  | mind. [a neqoxec]
    17 | Abyss:2  | Noticed a large abomination
    18 | Abyss:2  | Gained mutation: You have a pair of small horns on your
                  | head. [a neqoxec]
    26 | Abyss:2  | Noticed a large abomination
    35 | Abyss:2  | Noticed a white very ugly thing
    35 | Abyss:2  | Noticed a white ugly thing
    36 | Abyss:2  | Noticed a white very ugly thing
    42 | Abyss:2  | Found a corrupted altar of Lugonu.
   157 | Abyss:2  | Noticed an ancient zyme
   159 | Abyss:2  | Noticed a hell hound
   160 | D:1      | Escaped the Abyss
   312 | D:1      | Reached XP level 2. HP: 26/29 MP: 5/5
   384 | D:1      | Reached * piety under Lugonu
   485 | D:1      | Reached XP level 3. HP: 3/35 MP: 6/6
   487 | D:1      | HP: 1/35 [ooze (1)]
  1462 | D:1      | Reached skill level 1 in Short Blades
  1462 | D:1      | Reached skill level 1 in Long Blades
  1462 | D:1      | Reached skill level 1 in Maces & Flails
  1462 | D:1      | Reached skill level 1 in Polearms
  1462 | D:1      | Reached skill level 1 in Staves
  1462 | D:1      | Reached skill level 1 in Slings
  1462 | D:1      | Reached skill level 1 in Bows
  1462 | D:1      | Reached skill level 1 in Crossbows
  1462 | D:1      | Reached skill level 1 in Throwing
  1462 | D:1      | Reached skill level 1 in Stealth
  1462 | D:1      | Reached skill level 1 in Shields
  1462 | D:1      | Reached skill level 1 in Unarmed Combat
  1462 | D:1      | Reached skill level 1 in Spellcasting
  1462 | D:1      | Reached skill level 1 in Evocations
  1683 | D:2      | Found a radiant altar of Vehumet.
  1829 | D:2      | Reached XP level 4. HP: 28/41 MP: 7/7
  2263 | D:2      | Reached ** piety under Lugonu
  2378 | D:3      | Noticed Sigmund
  2461 | D:3      | Killed Sigmund
  2461 | D:3      | Reached skill level 1 in Conjurations
  2461 | D:3      | Reached skill level 1 in Hexes
  2461 | D:3      | Reached skill level 1 in Summonings
  2461 | D:3      | Reached skill level 1 in Necromancy
  2461 | D:3      | Reached skill level 1 in Translocations
  2461 | D:3      | Reached skill level 1 in Transmutations
  2461 | D:3      | Reached skill level 1 in Fire Magic
  2461 | D:3      | Reached skill level 1 in Ice Magic
  2461 | D:3      | Reached skill level 1 in Air Magic
  2461 | D:3      | Reached skill level 1 in Earth Magic
  2461 | D:3      | Reached skill level 1 in Poison Magic
  2461 | D:3      | Reached skill level 5 in Invocations
  2461 | D:3      | Reached XP level 5. HP: 33/47 MP: 8/8
  2461 | D:3      | Reached XP level 6. HP: 38/53 MP: 9/9
  2959 | D:3      | Found an ornate altar of the Wu Jian Council.
  3073 | D:3      | Reached skill level 5 in Axes
  3073 | D:3      | Reached skill level 5 in Armour
  3075 | D:3      | Found a shimmering altar of Xom.
  3336 | D:4      | Found a white marble altar of Elyvilon.
  3406 | D:3      | Reached *** piety under Lugonu
  3622 | D:4      | Noticed Duvessa
  3622 | D:4      | Noticed Dowan
  3657 | D:4      | Killed Duvessa
  3657 | D:4      | Reached skill level 7 in Fighting
  3657 | D:4      | Reached XP level 7. HP: 38/60 MP: 10/10
  3669 | D:4      | Killed Dowan
  4353 | D:5      | Entered Level 5 of the Dungeon
  4363 | D:5      | Found a snail-covered altar of Cheibriados.
  4399 | D:5      | Found a staircase to the Ecumenical Temple.
  4547 | D:5      | Noticed Prince Ribbit
  4578 | Temple   | Entered the Ecumenical Temple
  4651 | D:5      | Killed Prince Ribbit
  4651 | D:5      | Reached XP level 8. HP: 23/67 MP: 12/12
  5225 | D:6      | Found a bloodstained altar of Trog.
  5250 | D:6      | HP: 2/67 [water moccasin (5)]
  5405 | D:6      | Found a stormy altar of Qazlal.
  5753 | D:6      | Found an opulent altar of Gozag.
  6033 | D:5      | Reached XP level 9. HP: 44/73 MP: 14/14
  6338 | D:7      | Noticed Alfie's ghost (novice HOFi)
  6341 | D:7      | Noticed a moth of wrath
  6347 | D:7      | Reached skill level 5 in Dodging
  6511 | D:7      | Found a transporter.
  6552 | D:7      | Found a transporter.
  7013 | D:8      | Noticed a two-headed ogre
  7024 | D:8      | Killed a two-headed ogre
  7024 | D:8      | Reached skill level 8 in Fighting
  7308 | D:8      | Reached XP level 10. HP: 80/80 MP: 17/17
  7318 | D:8      | Noticed a two-headed ogre
  7330 | D:8      | Killed a two-headed ogre
  7330 | D:8      | Reached **** piety under Lugonu
  7330 | D:8      | Reached skill level 5 in Short Blades
  7330 | D:8      | Reached skill level 5 in Long Blades
  7330 | D:8      | Reached skill level 5 in Maces & Flails
  7330 | D:8      | Reached skill level 5 in Polearms
  7330 | D:8      | Reached skill level 5 in Staves
  7330 | D:8      | Reached skill level 5 in Slings
  7330 | D:8      | Reached skill level 5 in Bows
  7330 | D:8      | Reached skill level 5 in Crossbows
  7330 | D:8      | Reached skill level 5 in Throwing
  7330 | D:8      | Reached skill level 5 in Stealth
  7330 | D:8      | Reached skill level 5 in Shields
  7330 | D:8      | Reached skill level 5 in Unarmed Combat
  7330 | D:8      | Reached skill level 5 in Spellcasting
  7330 | D:8      | Reached skill level 5 in Evocations
  7530 | D:8      | Found a bloodstained altar of Trog.
  8297 | D:8      | Got a fine buckler
  8305 | D:8      | Identified the +2 buckler "Laril" {+Blink} (You found it on
                  | level 8 of the Dungeon)
  8556 | D:9      | Found Paegont's Jewellery Emporium.
  8563 | D:9      | Bought an uncursed amulet of the acrobat for 330 gold
                  | pieces
  8607 | D:9      | Found Halus's Armour Shop.
  8624 | D:9      | Bought a +0 cloak of poison resistance for 136 gold pieces
  8647 | D:9      | Noticed a two-headed ogre
  8664 | D:9      | Killed a two-headed ogre
  8765 | D:9      | Found a glowing silver altar of Zin.
  8843 | D:8      | Reached ***** piety under Lugonu
  9077 | D:9      | Reached XP level 11. HP: 75/87 MP: 19/19
  9110 | D:9      | Found Woteimil's Jewellery Emporium.
  9226 | D:10     | Entered Level 10 of the Dungeon
  9229 | D:10     | Noticed Maggie
  9274 | D:10     | Killed Maggie
  9532 | D:10     | Reached skill level 9 in Fighting
  9573 | D:10     | Found a staircase to the Lair.
  9631 | D:10     | Reached skill level 5 in Conjurations
  9631 | D:10     | Reached skill level 5 in Hexes
  9631 | D:10     | Reached skill level 5 in Summonings
  9631 | D:10     | Reached skill level 5 in Necromancy
  9631 | D:10     | Reached skill level 5 in Translocations
  9631 | D:10     | Reached skill level 5 in Transmutations
  9631 | D:10     | Reached skill level 5 in Fire Magic
  9631 | D:10     | Reached skill level 5 in Ice Magic
  9631 | D:10     | Reached skill level 5 in Air Magic
  9631 | D:10     | Reached skill level 5 in Earth Magic
  9631 | D:10     | Reached skill level 5 in Poison Magic
  9639 | D:10     | Got a crude rapier
  9640 | D:10     | Identified the cursed +2 rapier of Ashenzari's Whim {drain,
                  | *Drain +Blink rN++ Int+4} (You found it on level 10 of the
                  | Dungeon)
  9777 | D:10     | Noticed Urug
  9785 | Abyss:1  | Noticed a spatial maelstrom
  9961 | Abyss:3  | Found a corrupted altar of Lugonu.
  9994 | Abyss:3  | Noticed a worldbinder
 10005 | D:10     | Escaped the Abyss
 10149 | D:10     | Slain by an orc warrior

Illustrated notes

Levels and vault maps discovered:
D:1:      dpeg_arrival_subterranean_lakeside_camping, layout_loops_corners,
          chequers_hall_statues_wall_a, minmay_pentomino_u2
D:2:      layout_loops_ring, vehumet_crystals, lemuel_flame_loot_1
D:3:      minmay_skewed_foursquare, layout_basic, lemuel_doored_altar, tgw_xom,
          uniq_sigmund
D:4:      layout_basic, kennysheep_nub, elyvilon_altar_5, uniq_duvessa
D:5:      layout_loops_ring, lemuel_crystal_altar,
          minmay_temple_entry_offerings, uniq_prince_ribbit1
D:6:      layout_loops_cross, nicolae_gozag_cash_rules_everything_around_me,
          bloody_trog, grunt_qazlal_clouds
D:7:      layout_basic, gammafunk_ghost_berserking_beasts
D:8:      layout_basic, basic_altar, kennysheep_small_square
D:9:      layout_roguey, zin_statuary, serial_shops, shop, nicolae_shop_trees,
          kennysheep_mini_moat
D:10:     layout_loops_ring, lair_entry_dummy, david_orc_1_choice, serial_glass,
          glass_columns_b, glass_columns_b, uniq_maggie, uniq_urug
Temple:   regret_index_temple_sphere_string

Skill      XL: |  1  2  3  4  5  6  7  8  9 10 11 |
---------------+----------------------------------+-----
Short Blades   | 1 2 3 4 5 6 |  6.0
Long Blades    | 1 2 3 4 5 6 |  6.0
Maces & Flails | 1 2 3 4 5 6 |  6.0
Polearms       | 1 2 3 4 5 6 |  6.0
Staves         | 1 2 3 4 5 6 |  6.0
Slings         | 1 2 3 4 5 6 |  6.0
Bows           | 1 2 3 4 5 6 |  6.0
Crossbows      | 1 2 3 4 5 6 |  6.0
Throwing       | 1 2 3 4 5 6 |  6.0
Stealth        | 1 2 3 4 5 6 |  6.0
Shields        | 1 2 3 4 5 6 |  6.0
Unarmed Combat | 1 2 3 4 5 6 |  6.0
Spellcasting   | 1 2 3 4 5 6 |  6.0
Evocations     | 1 2 3 4 5 6 |  6.0
Dodging        | 3 4 5 6 |  6.6
Conjurations   | 1 2 3 4 5 |  5.0
Hexes          | 1 2 3 4 5 |  5.0
Summonings     | 1 2 3 4 5 |  5.0
Necromancy     | 1 2 3 4 5 |  5.0
Translocations | 1 2 3 4 5 |  5.0
Transmutations | 1 2 3 4 5 |  5.0
Fire Magic     | 1 2 3 4 5 |  5.0
Ice Magic      | 1 2 3 4 5 |  5.0
Air Magic      | 1 2 3 4 5 |  5.0
Earth Magic    | 1 2 3 4 5 |  5.0
Poison Magic   | 1 2 3 4 5 |  5.0
Invocations    | 5 6 7 8 |  8.1
Axes           | 5 6 7 |  7.7
Armour         | 5 6 7 |  7.7
Fighting       | 7 8 9 |  9.0

Action                   |  1- 3 |  4- 6 |  7- 9 | 10-12 || total
-------------------------+-------+-------+-------+-------++-------
Melee: Hand axe          |    93 |   156 |   242 |       ||   491
       Headbutt          |    15 |    36 |    49 |    71 ||   171
       Scimitar          |     1 |       |       |       ||     1
       Bite              |     5 |    10 |    45 |    39 ||    99
       Punch             |       |     2 |     4 |       ||     6
       Quarterstaff      |       |       |    90 |   148 ||   238
       Broad axe         |       |       |       |   211 ||   211
Throw: Dart              |       |       |     9 |    13 ||    22
Invok: Depart the Abyss  |     1 |       |       |     1 ||     2
       Banish            |       |       |     1 |       ||     1
       Enter the Abyss   |       |       |       |     1 ||     1
Evoke: Wand              |       |       |     1 |       ||     1
  Use: Scroll            |     6 |       |     7 |     9 ||    22
       Potion            |       |       |     1 |     4 ||     5
 Stab: Sleeping          |     3 |       |       |       ||     3
Armor: Leather armour    |    18 |    11 |       |       ||    29
       Scale mail        |       |    46 |    91 |       ||   137
       Chain mail        |       |       |   111 |   142 ||   253
Dodge: Dodged            |    67 |    97 |   240 |   197 ||   601
Block: Buckler           |       |       |       |   105 ||   105

Table legend: (Time is in decaauts)
 A = Elapsed time spent in this place.
 B = Non-inter-level travel time spent in this place.
 C = Inter-level travel time spent in this place.
 D = Time resting spent in this place.
 E = Time spent auto-exploring this place.
 F = Levels seen in this place.
 G = Mean time per level.
                   A        B        C        D        E       F      G
               +--------+--------+--------+--------+--------+-----+--------+
         Total |  10255 |   9833 |    422 |    859 |   6431 |  16 |  640.9 |
       Dungeon |   9812 |   9390 |    422 |    715 |   6235 |  10 |  981.2 |
        Temple |     52 |     52 |      0 |     39 |      0 |   1 |   52.0 |
         Abyss |    391 |    391 |      0 |    105 |    196 |   5 |   78.2 |
               +--------+--------+--------+--------+--------+-----+--------+

Top non-repeatable levels by time:
     D:1: 1525 daAuts
     D:8: 1521 daAuts
     D:3: 1004 daAuts
     D:4: 944 daAuts
     D:5: 928 daAuts
     D:6: 873 daAuts
     D:9: 778 daAuts
     D:7: 769 daAuts
     D:2: 751 daAuts
    D:10: 715 daAuts
 Abyss:2: 216 daAuts
 Abyss:1: 126 daAuts
  Temple: 52 daAuts
 Abyss:3: 48 daAuts
